 Dungeon Crawl Stone Soup version 0.21.1-1-g345015f (webtiles) character file.

142 Fang the Chopper (level 5, 0/49 HPs)
             Began as a Gargoyle Berserker on May 18, 2018.
             Was a Believer of Trog.
             Slain by Grinder (5 damage)
             ... on level 3 of the Dungeon.
             The game lasted 00:04:00 (2194 turns).

Fang the Chopper (Gargoyle Berserker)               Turns: 2194, Time: 00:04:00

Health: 0/49       AC: 22    Str: 21    XL:     5   Next: 25%
Magic:  5/5        EV:  2    Int:  8    God:    Trog [**....]
Gold:   164        SH:  0    Dex:  9    Spells: 4/4 levels left

rFire    . . .     SeeInvis .   a - +0 hand axe
rCold    . . .     Gourm    .   (no shield)
rNeg     + + +     Faith    .   (armour currently unavailable)
rPois    ∞         Spirit   .   (helmet currently unavailable)
rElec    .         Reflect  .   (cloak currently unavailable)
rCorr    .         Harm     .   (gloves currently unavailable)
MR       .....     NoTele   +   (boots currently unavailable)
Stlth    +.........             (no amulet)
HPRegen  0.16/turn              (no ring)
MPRegen  0.09/turn              (no ring)

@: tree-form, berserk cooldown, slowed, very slow
A: negative energy resistance 1, petrification resistance, rot immunity, AC +4
a: Berserk, Trog's Hand, Burn Spellbooks, Renounce Religion


You were on level 3 of the Dungeon.
You worshipped Trog.
Trog was pleased with you.
You were very hungry.
You were a tree.
You visited 1 branch of the dungeon, and saw 3 of its levels.

You collected 164 gold pieces.

Inventory:

Hand Weapons
 a - a +0 hand axe (weapon)
Armour
 b - a +0 animal skin (melded)
 n - a +1 cloak (melded)
Jewellery
 l - a cursed ring of loudness {unknown}
Wands
 j - a wand of digging (14)
Scrolls
 d - 4 scrolls of identify {unknown}
 e - a scroll of fear {unknown}
 g - 2 scrolls of enchant weapon {unknown}
 h - 2 scrolls of remove curse {unknown}
 i - a scroll of teleportation {unknown}
 o - a scroll of blinking {unknown}
Potions
 f - 2 potions of lignification
 k - a potion of curing {unknown}
 m - a potion of brilliance {unknown}
Comestibles
 c - 3 rations


   Skills:
 + Level 4.1 Fighting
 + Level 4.1 Axes
 + Level 2.4 Armour
 + Level 2.4 Dodging
 + Level 1.0 Stealth


You had 4 spell levels left.
You didn't know any spells.

Dungeon Overview and Level Annotations

Branches:
Dungeon (3/15)

Altars:

Annotations:
D:3 Grinder


Innate Abilities, Weirdness & Mutations

You are resistant to torment.
((Your stone body is resilient. (AC +4)))
You are immune to poison.
You resist negative energy. (rN+)
((You are resistant to electric shocks. (rElec)))
((You can survive without breathing.))
You are immune to petrification.
You are immune to rotting.


Message History

You barely miss Grinder.
Grinder is lightly wounded.
Grinder gestures at you.
You suddenly lose the ability to move!
Grinder hits you.
* * * LOW HITPOINT WARNING * * *
Grinder hits you but does no damage.
You can move again.
You barely miss Grinder.
Grinder is lightly wounded.
Grinder hits you but does no damage. Grinder gestures at you.
You resist with significant effort.
You hit Grinder but do no damage.
Grinder is lightly wounded.
Grinder hits you but does no damage.
You slash Grinder!
Grinder is moderately wounded.
Grinder rolls her eyes.
Grinder hits you but does no damage. Grinder hits you.
You die...

##
#################.
#.................
#.###############.
#.# #. #.# #. #5#
## #♣# #†# #.# #>.
#.# #.# ..# ###


You could see Grinder.

Vanquished Creatures
  Crazy Yiuf (D:2)
  Natasha (D:3)
  2 adders (D:2)
  An ooze (D:2)
  3 worms
  3 dart slugs (D:1)
  4 leopard geckos
  2 giant cockroaches (D:1)
  4 goblins
  15 hobgoblins
  4 bats (D:2)
  A frilled lizard (D:2)
  2 kobolds (D:2)
  10 rats
53 creatures vanquished.

Notes
Turn   | Place    | Note
-------+----------+-------------------------------------------
     0 | D:1      | Fang the Gargoyle Berserker began the quest for the Orb.
     0 | D:1      | Reached XP level 1. HP: 14/14 MP: 1/1
   151 | D:1      | Reached XP level 2. HP: 19/19 MP: 2/2
   538 | D:1      | Reached XP level 3. HP: 21/23 MP: 3/3
  1137 | D:2      | Reached ** piety under Trog
  1161 | D:2      | Found a runed door.
  1228 | D:2      | Reached XP level 4. HP: 15/29 MP: 4/4
  1923 | D:2      | Noticed Crazy Yiuf
  1932 | D:2      | Killed Crazy Yiuf
  2063 | D:3      | Reached XP level 5. HP: 29/33 MP: 5/5
  2148 | D:3      | Noticed Grinder
  2152 | D:3      | Noticed Natasha
  2167 | D:3      | Killed Natasha
  2167 | D:3      | Reached skill level 1 in Stealth
  2168 | D:3      | Paralysed by Grinder for 5 turns
  2176 | D:3      | Paralysed by Grinder for 7 turns
  2186 | D:3      | Paralysed by Grinder for 3 turns
  2190 | D:3      | Paralysed by Grinder for 2 turns
  2194 | D:3      | Slain by Grinder

Skill      XL: |  1  2  3  4  5 |
---------------+----------------+-----
Axes           | 3 4 |  4.1
Dodging        | 2 |  2.4
Fighting       | 4 |  4.1
Stealth        | 1 |  1.0
Armour         | |  2.4

Action                   |  1- 3 |  4- 6 || total
-------------------------+-------+-------++-------
Melee: Hand axe          |   130 |   109 ||   239
Invok: Berserk           |       |     2 ||     2
  Use: Potion            |       |     1 ||     1
 Stab: Sleeping          |     2 |     1 ||     3
  Eat: Chunk             |     1 |     4 ||     5
Armor: Animal skin       |    42 |    29 ||    71
       Skin              |       |     9 ||     9
Dodge: Dodged            |    74 |    61 ||   135
